 Dungeon Crawl Stone Soup version 0.22-a0-521-gb1378044ac (webtiles) character file.

1025 Oravi the Conjurer (level 8, -1/57 HPs)
             Began as a Purple Draconian Conjurer on June 20, 2018.
             Was an Initiate of Vehumet.
             Slain by a two-headed ogre
             ... wielding a +0 dire flail
              (30 damage)
             ... on level 5 of the Dungeon.
             The game lasted 00:16:26 (5941 turns).

Oravi the Conjurer (Purple Draconian Conjurer)      Turns: 5941, Time: 00:16:26

Health: -1/57      AC:  6    Str: 11    XL:     8   Next: 2%
Magic:  15/19      EV: 12    Int: 17    God:    Vehumet [......]
Gold:   316        SH:  0    Dex: 12    Spells: 15/22 levels left

rFire    + . .     SeeInvis .   f - +2 dagger (venom)
rCold    . . .     Gourm    .   (no shield)
rNeg     . . .     Faith    .   (armour unavailable)
rPois    .         Spirit   .   (helmet restricted)
rElec    .         Reflect  .   (no cloak)
rCorr    .         Harm     .   (no gloves)
MR       +....                  (no boots)
Stlth    ++........             (no amulet)
HPRegen  0.19/turn              j - ring of protection from fire
MPRegen  0.16/turn              (no ring)

@: no status effects
A: breathe power, unfitting armour, cold-blooded, AC +6
a: Breathe Dispelling Energy, Renounce Religion


You were on level 5 of the Dungeon.
You worshipped Vehumet.
Vehumet was noncommittal.
You were hungry.

You visited 2 branches of the dungeon, and saw 6 of its levels.

You collected 316 gold pieces.

Inventory:

Hand Weapons
 f - a +2 dagger of venom (weapon)
 q - a +2 hand axe of freezing
 t - a +2 whip of freezing
Missiles
 a - 36 poisoned needles
 d - 164 stones (quivered)
Jewellery
 j - a ring of protection from fire (left hand)
Wands
 i - a wand of iceblast (11)
 p - a wand of polymorph (16)
Scrolls
 e - 2 scrolls of identify
 l - a scroll of fog
 o - a scroll of enchant weapon
Potions
 c - 2 potions of lignification
 h - a potion of berserk rage {unknown}
 k - 2 potions of brilliance
 m - a potion of might {unknown}
 n - a potion of resistance {unknown}
 s - 2 potions of heal wounds
Comestibles
 b - 9 rations


   Skills:
 - Level 1.7 Dodging
 - Level 1.7 Stealth
 + Level 7.6 Spellcasting
 + Level 7.7 Conjurations


You had 15 spell levels left.
You knew the following spells:

 Your Spells              Type           Power        Failure   Level  Hunger
a - Magic Dart            Conj           ####         1%          1    None
b - Searing Ray           Conj           ####..       1%          2    None
c - Iskenderun's Mystic   Conj           ####....     4%          4    ####...

Your spell library contained the following spells:

 Spells                   Type           Power        Failure   Level  Hunger
 Fulminant Prism          Conj/Hex       ###.......   22%         4    ####...
 Dazzling Spray           Conj/Hex       ###...       7%          3    ##.....
 Force Lance              Conj/Tloc      ###.....     22%         4    ####...


Dungeon Overview and Level Annotations

Branches:
Dungeon (5/15)             Temple (1/1) D:4

Altars:
Ashenzari
Cheibriados
Dithmenos
Elyvilon
Fedhas
Gozag
Hepliaklqana
Kikubaaqudgha
Nemelex Xobeh
Okawaru
Ru
Sif Muna
Trog
Vehumet
Wu Jian
Xom
Zin


Innate Abilities, Weirdness & Mutations

You can breathe bolts of dispelling energy.
Your rich purple scales are hard. (AC +6)
You cannot fit into any form of body armour.
You are cold-blooded and may be slowed by cold attacks.


Message History

The searing ray hits the two-headed ogre.
The two-headed ogre is lightly wounded. (Press . to maintain the ray.)
The searing ray hits the two-headed ogre.
The two-headed ogre is lightly wounded.
The searing ray hits the two-headed ogre.
The two-headed ogre is moderately wounded.
The searing ray hits the two-headed ogre.
The two-headed ogre is heavily wounded.
You finish channeling your searing ray.
The two-headed ogre barely misses you.
The two-headed ogre hits you but does no damage.
You hit the two-headed ogre but do no damage.
The two-headed ogre is heavily wounded.
The two-headed ogre closely misses you.
The two-headed ogre hits you with a giant spiked club!!
You barely miss the two-headed ogre.
The two-headed ogre is heavily wounded.
The two-headed ogre hits you with a dire flail!!
Ouch! That really hurt!
You die...

#####.........########
#.....................
#.#........#..####...#
###.########<....###...#
.........###.#.........#
.........#......###....#
......(..#.#.#..# #....#
..........#.).#..# #....#
#.......O@........###.....
....(%...#...#.........#
>........######.###....#
###+####.# #......... #.#
#####.#### ... #.# # ...
#.#### ...# #..... #.....


You could see a two-headed ogre.

Vanquished Creatures
  Sigmund (D:3)
  An ice beast (D:5)
  2 ogres (D:4)
  A howler monkey (D:4)
  A bullfrog zombie (D:5)
  A hound (D:5)
  A centaur skeleton (D:4)
  Ijyb (D:5)
  Natasha (thrice) (D:3)
  Terence (D:3)
  An iguana (D:4)
  3 worker ants
  A killer bee zombie (D:5)
  Robin (D:3)
  4 gnolls (D:4)
  4 adders
  A shadow imp (D:5)
  An ooze (D:2)
  An adder zombie (D:5)
  2 worms
  2 dart slugs
  5 leopard geckos
  4 orcs
  10 giant cockroaches
  22 goblins
  10 hobgoblins
  10 jackals
  3 quokkas
  2 ball pythons
  12 bats
  3 frilled lizards
  A jackal skeleton (D:4)
  8 kobolds
  A quokka zombie (D:5)
  12 rats
137 creatures vanquished.

Notes
Turn   | Place    | Note
-------+----------+-------------------------------------------
     0 | D:1      | Oravi the Draconian Conjurer began the quest for the Orb.
     0 | D:1      | Reached XP level 1. HP: 14/14 MP: 3/3
   236 | D:1      | Reached XP level 2. HP: 20/20 MP: 3/5
   240 | D:1      | Learned a level 2 spell: Searing Ray
   268 | D:1      | You fall through a shaft!
   889 | D:1      | Reached XP level 3. HP: 25/26 MP: 0/7
  1581 | D:2      | Reached XP level 4. HP: 33/33 MP: 4/8
  2019 | D:3      | Reached skill level 5 in Conjurations
  2294 | D:3      | Noticed Terence
  2297 | D:3      | Noticed Robin
  2299 | D:3      | Killed Terence
  2329 | D:3      | Killed Robin
  2329 | D:3      | Reached XP level 5. HP: 19/38 MP: 1/10
  2512 | D:3      | Noticed Sigmund
  2528 | D:3      | Killed Sigmund
  2528 | D:3      | Reached XP level 6. HP: 14/45 MP: 0/12
  2620 | D:3      | Noticed Natasha
  2632 | D:3      | Killed Natasha
  2878 | D:3      | Noticed Natasha
  2890 | D:3      | Killed Natasha
  3257 | D:3      | Noticed Natasha
  3300 | D:3      | Killed Natasha
  3587 | D:4      | Reached skill level 5 in Spellcasting
  3628 | D:4      | Learned a level 4 spell: Iskenderun's Mystic Blast
  3657 | D:4      | Your scales start taking on a rich purple colour.
  3657 | D:4      | Reached XP level 7. HP: 47/50 MP: 0/16
  3810 | D:4      | Found a staircase to the Ecumenical Temple.
  3819 | Temple   | Entered the Ecumenical Temple
  4002 | Temple   | Became a worshipper of Vehumet
  5012 | D:5      | Entered Level 5 of the Dungeon
  5268 | D:5      | Noticed Ijyb
  5276 | D:5      | Killed Ijyb
  5610 | D:5      | Noticed a two-headed ogre
  5616 | D:5      | Found a sacrificial altar of Ru.
  5616 | D:5      | Found a sparkling altar of Nemelex Xobeh.
  5802 | D:5      | Reached XP level 8. HP: 57/57 MP: 11/19
  5941 | D:5      | Slain by a two-headed ogre

Vault maps used:
D:1:      dpeg_arrival_orchard
D:3:      gup_sewer_entry_spiral, uniq_natasha, uniq_sigmund, uniq_terence,
          uniq_robin
D:4:      minmay_temple_entry_trees
D:5:      gammafunk_temple_overflow_pools, first_ration, uniq_ijyb
Temple:   regret_index_temple_generic_petals

Skill      XL: |  1  2  3  4  5  6  7 |
---------------+----------------------+-----
Spellcasting   | 3 4 6 7 |  7.6
Conjurations   | 5 6 7 |  7.7
Dodging        | |  1.7
Stealth        | |  1.7

Action                   |  1- 3 |  4- 6 |  7- 9 || total
-------------------------+-------+-------+-------++-------
Melee: Unarmed           |    14 |       |       ||    14
       Tailslap          |     6 |     8 |     1 ||    15
       Dagger            |    30 |    78 |     7 ||   115
Throw: Stone             |    12 |    55 |     5 ||    72
 Cast: Magic Dart        |    63 |    28 |     7 ||    98
       Searing Ray       |       |    22 |    23 ||    45
  Use: Scroll            |       |       |    10 ||    10
 Stab: Sleeping          |     1 |     2 |       ||     3
  Eat: Chunk             |     3 |     7 |     6 ||    16
Armor: Skin              |    19 |    28 |     6 ||    53
Dodge: Dodged            |    34 |    44 |    19 ||    97

Table legend:
 A = Spawn XP
 B = Non-spawn XP
 C = Spawn XP percentage of total XP
 D = Spawn monster count
 E = Non-spawn monster count
 F = Spawn count percentage of total count
 G = Total turns spent on level
                    A         B        C        D         E        F      G
               +---------+---------+-------+---------+---------+-------+---------
         Total |       0 |    1465 |   0.0 |       0 |     137 |   0.0 |  5941
               +---------+---------+-------+---------+---------+-------+---------
           D:1 |       0 |      42 |   0.0 |       0 |      24 |   0.0 |  1179
           D:2 |       0 |      70 |   0.0 |       0 |      29 |   0.0 |   805
           D:3 |       0 |     478 |   0.0 |       0 |      51 |   0.0 |  1470
           D:4 |       0 |     519 |   0.0 |       0 |      22 |   0.0 |  1362
           D:5 |       0 |     356 |   0.0 |       0 |      11 |   0.0 |   915
               +---------+---------+-------+---------+---------+-------+---------
